 Dungeon Crawl Stone Soup version 0.28.0 (webtiles) character file.

Game seed: 18188945078089436944

259 Sanktem7 the Covered (level 5, -2/47 HPs)
             Began as a Minotaur Fighter on Feb 9, 2022.
             Was an Initiate of Okawaru.
             Slain by scisormetimb3rs's ghost (5 damage)
             ... on level 4 of the Dungeon.
             The game lasted 00:06:14 (4608 turns).

Sanktem7 the Covered (Minotaur Fighter)             Turns: 4608, Time: 00:06:15

Health: -2/47      AC:  6    Str: 22    XL:     5   Next: 95%
Magic:  4/4        EV: 10    Int:  5    God:    Okawaru [......]
Gold:   206        SH:  4    Dex: 10    Spells: 4/4 levels left

rFire   + . .      SeeInvis .   l - +6 dagger (venom)
rCold   . . .      Faith    .   c - +0 buckler
rNeg    . . .      Spirit   .   n - +0 ring mail {rF+}
rPois   .          Reflect  .   (helmet restricted)
rElec   .          Harm     .   (no cloak)
rCorr   .          Rampage  .   (no gloves)
Will    .....                   (no boots)
Stlth   ..........              (no amulet)
HPRegen 0.15/turn               (no ring)
MPRegen 0.09/turn               (no ring)

@: no status effects
A: horns 2, retaliatory headbutt
a: Renounce Religion


You were on level 4 of the Dungeon.
You worshipped Okawaru.
Okawaru was noncommittal.
You visited 1 branch of the dungeon, and saw 4 of its levels.

You collected 206 gold pieces.

Inventory:

Hand Weapons
 a - a +0 long sword
 l - a +6 dagger of venom (weapon)
Missiles
 h - 85 stones (quivered)
 r - 2 javelins
Armour
 b - a +0 scale mail
 c - a +0 buckler (worn)
 n - a +0 ring mail of fire resistance (worn)
Scrolls
 f - 2 scrolls of identify {unknown}
 g - 3 scrolls of noise {unknown}
 i - 3 scrolls of teleportation {unknown}
 j - a scroll of enchant weapon {unknown}
 m - a scroll of fear {unknown}
 p - a scroll of amnesia {unknown}
 s - 2 scrolls of blinking {unknown}
Potions
 d - a potion of might
 e - a potion of brilliance {unknown}
 k - a potion of haste {unknown}
 o - a potion of flight {unknown}
 q - a potion of lignification {unknown}
 t - a potion of curing {unknown}


   Skills:
 * Level 4.6 Fighting
 + Level 0.3(2.4) Short Blades
 * Level 4.4 Long Blades
 * Level 1.3 Throwing
 * Level 5.6 Armour
 + Level 1.0 Dodging
 + Level 4.1 Shields


You had 4 spell levels left.
You didn't know any spells.
Your spell library contained the following spells:

 Spells                   Type           Power      Damage    Failure   Level
 Magic Dart               Conj           0%         1d3       71%         1
 Shock                    Conj/Air       0%         1d3       71%         1
 Searing Ray              Conj           0%         2d4       85%         2
 Swiftness                Air            0%         N/A       97%         3
 Airstrike                Air            0%         N/A       100%        4
 Fulminant Prism          Conj/Hex       0%         3d6       100%        4
 Blade Hands              Tmut           0%         N/A       100%        5
 Irradiate                Conj/Tmut      0%         3d13      100%        5
 Dragon Form              Tmut           0%         N/A       100%        7


Dungeon Overview and Level Annotations

Branches:
Dungeon (4/15)
 Temple: D:4-7

Altars:
Okawaru
Qazlal

Shops:
D:1 =   D:3 (

Annotations:
D:4 scisormetimb3rs's ghost, amateur HOFi


Innate Abilities, Weirdness & Mutations

You have a pair of horns on your head.
You reflexively headbutt those who attack you in melee.


Message History

You hit scisormetimb3rs's ghost but do no damage.
You headbutt scisormetimb3rs's ghost, but do no damage.
Scisormetimb3rs's ghost is moderately damaged.
Scisormetimb3rs's ghost hits you!
You closely miss scisormetimb3rs's ghost.
You headbutt scisormetimb3rs's ghost, but do no damage.
Scisormetimb3rs's ghost is moderately damaged.
Scisormetimb3rs's ghost hits you!
You hit scisormetimb3rs's ghost.
Scisormetimb3rs's ghost is moderately damaged.
Scisormetimb3rs's ghost closely misses you.
You closely miss scisormetimb3rs's ghost.
Scisormetimb3rs's ghost is moderately damaged.
You block scisormetimb3rs's ghost's attack.
You hit scisormetimb3rs's ghost but do no damage.
Your headbutt misses scisormetimb3rs's ghost.
Scisormetimb3rs's ghost is moderately damaged.
Scisormetimb3rs's ghost hits you.
You barely miss scisormetimb3rs's ghost.
Your headbutt misses scisormetimb3rs's ghost.
Scisormetimb3rs's ghost is moderately damaged.
Scisormetimb3rs's ghost barely misses you.
You barely miss scisormetimb3rs's ghost.
Scisormetimb3rs's ghost is moderately damaged.
Scisormetimb3rs's ghost hits you!
* * * LOW HITPOINT WARNING * * *
You hit scisormetimb3rs's ghost but do no damage.
You headbutt scisormetimb3rs's ghost, but do no damage.
Scisormetimb3rs's ghost is moderately damaged.
Scisormetimb3rs's ghost hits you but does no damage.
You hit scisormetimb3rs's ghost but do no damage.
Your headbutt misses scisormetimb3rs's ghost.
Scisormetimb3rs's ghost is moderately damaged.
Scisormetimb3rs's ghost hits you.
* * * LOW HITPOINT WARNING * * *
You barely miss scisormetimb3rs's ghost.
You headbutt scisormetimb3rs's ghost!
Scisormetimb3rs's ghost is heavily damaged.
Scisormetimb3rs's ghost hits you.
You die...

####...## #..............
#.......## #.........##.##
#........# ##........#...#
#........#####............
#######.......#............._..
#..............................
#######...#####..###..#...#...#
#...#..#...# #.####.##.##
#...#8(W@..###.# #......
##..#..#..###..# ##.....
#..####### #..####..###. ####
##....##.## ## #...>....#
#.#.....## ##........##
#........<.# #.#........#


You could see scisormetimb3rs's ghost.

Vanquished Creatures
  Crazy Yiuf (D:2)
  2 hounds (D:4)
  A bullfrog skeleton (D:4)
  An orc wizard (D:4)
  A gnoll (D:1)
  An adder (D:2)
  An adder skeleton (D:4)
  5 worms
  2 dart slugs
  The ghost of croobank the Sneak, a weakling FeDe (D:3)
  6 orcs
  7 ball pythons
  8 bats
  5 endoplasms
  A giant cockroach (D:2)
  6 goblins
  2 hobgoblins
  7 jackals (D:1)
  2 quokkas (D:1)
  3 frilled lizards
  4 kobolds
  6 rats
73 creatures vanquished.

Vanquished Creatures (others)
  3 fungi (D:2)
  2 withered plants (D:4)
5 creatures vanquished.

Grand Total: 78 creatures vanquished

Notes
Turn   | Place    | Note
-------+----------+-------------------------------------------
     0 | D:1      | Sanktem7 the Minotaur Fighter began the quest for the Orb.
     0 | D:1      | Reached XP level 1. HP: 19/19 MP: 0/0
    90 | D:1      | Found a faded altar of an unknown god.
   115 | D:1      | Reached skill level 4 in Armour
   115 | D:1      | Reached XP level 2. HP: 27/27 MP: 1/1
   124 | D:1      | Found Zoshrakhe's Jewellery Boutique.
   321 | D:1      | Reached XP level 3. HP: 28/33 MP: 2/2
   889 | D:1      | You fall into a shaft and drop 1 floor!
  1678 | D:2      | Reached XP level 4. HP: 35/40 MP: 3/3
  2150 | D:2      | Found a runed translucent door.
  2151 | D:2      | Noticed Crazy Yiuf
  2157 | D:2      | Killed Crazy Yiuf
  2477 | D:3      | Found Eschupt's Antique Weapon Shop.
  2551 | D:3      | Found a runed translucent door.
  2552 | D:3      | Noticed croobank's ghost (weakling FeDe)
  3057 | D:3      | Found a stormy altar of Qazlal.
  3354 | D:3      | Killed croobank's ghost
  3659 | D:4      | Reached XP level 5. HP: 42/47 MP: 4/4
  3694 | D:4      | Found an iron altar of Okawaru.
  3778 | D:4      | Noticed scisormetimb3rs's ghost (amateur HOFi)
  3789 | D:4      | Became a worshipper of Warmaster Okawaru
  4112 | D:4      | Reached skill level 5 in Armour
  4129 | D:4      | Reached skill level 1 in Throwing
  4334 | D:4      | Reached skill level 1 in Dodging
  4472 | D:4      | Found a runed translucent door.
  4607 | D:4      | HP: 2/47 [scisormetimb3rs's ghost (1)]
  4608 | D:4      | Slain by scisormetimb3rs's ghost

Illustrated notes

Levels and vault maps discovered:
D:1:      amcnicky_arrival_feature_with_door, layout_loops_ring, serial_shops,
          nicolae_shop_behind_doors, serial_forest, infiniplex_forest_corner_1,
          infiniplex_forest_lined_corner, infiniplex_forest_lined_room_2,
          infiniplex_forest_clump_long, infiniplex_forest_lined_3,
          infiniplex_forest_lined_room_3, dreamdust_ecumenical_altar_statues
D:2:      layout_basic, uniq_crazy_yiuf_cottage
D:3:      layout_loops_corners, nicolae_qazlal_eye_of_the_storm, serial_shops,
          nicolae_lakefront_shop, ebering_ghost_reflecting_pool
D:4:      layout_cave_pods, okawaru_gym_becter, gammafunk_ghost_grave

Skill      XL: |  1  2  3  4  5 |
---------------+----------------+-----
Armour         | 4 5 |  5.6
Long Blades    | 3 4 |  4.4
Fighting       | 4 |  4.6
Shields        | 4 |  4.1
Throwing       | 1 |  1.3
Dodging        | 1 |  1.0
Short Blades   | |  0.3

Action                   |  1- 3 |  4- 6 || total
-------------------------+-------+-------++-------
Melee: Long sword        |    91 |    22 ||   113
       Headbutt          |    14 |    17 ||    31
       Dagger            |       |    84 ||    84
Throw: Stone             |       |     9 ||     9
Armor: Scale mail        |    66 |    11 ||    77
       Ring mail         |       |    18 ||    18
Dodge: Dodged            |    45 |    33 ||    78
Block: Buckler           |    24 |    19 ||    43
